 Dungeon Crawl Stone Soup version 0.28.0-53-g5a82cb258f (webtiles) character file.

Game seed: 1388561041495211583

366 MiltankisOP the Grave Robber (level 6, -3/41 HPs)
             Began as a Mummy Necromancer on June 17, 2022.
             Slain by an ogre
             ... wielding a +0 giant club
              (16 damage)
             ... on level 4 of the Dungeon.
             The game lasted 00:09:41 (4816 turns).

MiltankisOP the Grave Robber (Mummy Necromancer)    Turns: 4816, Time: 00:09:41

Health: -3/41      AC:  6    Str: 12    XL:     6   Next: 40%
Magic:  6/10       EV: 12    Int: 16    God:
Gold:   173        SH:  0    Dex: 12    Spells: 5/10 levels left

rFire   . . .      SeeInvis .   m - +4 quarterstaff (chaos)
rCold   . . .      Faith    .   (shield currently unavailable)
rNeg    + + +      Spirit   .   a - +0 robe
rPois   ∞          Reflect  .   e - +2 helmet
rElec   .          Harm     .   k - +0 cloak
rCorr   .          Rampage  .   (no gloves)
Will    .....                   (no boots)
Stlth   ++........              (no amulet)
HPRegen 0.13/turn               b - ring of fire
MPRegen 0.12/turn               (no ring)

@: no status effects
A: cold resistance 1, negative energy resistance 3, torment resistance 2, heat
vulnerability 1, no potions
a: no special abilities


You were on level 4 of the Dungeon.
You visited 1 branch of the dungeon, and saw 4 of its levels.

You collected 173 gold pieces.

Inventory:

Hand Weapons
 m - a +4 quarterstaff of chaos (weapon)
Armour
 a - a +0 robe (worn)
 e - a +2 helmet (worn)
 k - a +0 cloak (worn)
Jewellery
 b - a ring of fire (left hand)
 d - a ring of resist corrosion
 h - a +6 ring of strength
Wands
 j - a wand of acid (10)
Scrolls
 c - a scroll of silence {unknown}
 f - a scroll of enchant weapon {unknown}
 g - 4 scrolls of identify {unknown}
 i - a scroll of teleportation {unknown}
 l - a scroll of noise {unknown}
 n - a scroll of holy word {unknown}


   Skills:
 - Level 1.5 Dodging
 - Level 1.5 Stealth
 - Level 2.6 Spellcasting
 + Level 7.8 Necromancy


You had 5 spell levels left.
You knew the following spells:

 Your Spells              Type           Power      Damage    Failure   Level
a - Pain                  Necr           100%       1d9       1%          1
b - Animate Skeleton      Necr           54%        N/A       1%          1
c - Vampiric Draining     Necr           27%        2d7       2%          3

Your spell library contained the following spells:

 Spells                   Type           Power      Damage    Failure   Level
 Corpse Rot               Necr/Air       28%        N/A       6%          2
 Animate Dead             Necr           13%        N/A       8%          4
 Agony                    Necr           27%        N/A       22%         5
 Poisonous Vapours        Pois/Air       4%         N/A       28%         2


Dungeon Overview and Level Annotations

Branches:
Dungeon (4/15)
 Temple: D:4-7

Altars:
Cheibriados
Dithmenos
Qazlal
Wu Jian
Yredelemnul

Shops:
D:3 (


Innate Abilities, Weirdness & Mutations

You are immune to poison.
Your flesh is cold resistant. (rC+)
You are immune to negative energy. (rN+++)
You are immune to unholy pain and torment.
You are vulnerable to heat. (rF-)
You do not drink.


Message History

Aiming: Pain (safe; 1% risk of failure)
Press: ? - help, Shift-Dir - straight line, f - ogre
Aim: an ogre, wielding a +0 giant club (chance to affect: 83%)
The ogre barely resists.
The ogre hits you with a +0 giant club!
Casting: Pain (safe; 1% risk of failure)
Confirm with . or Enter, or press ? or * to list all spells.
Aiming: Pain (safe; 1% risk of failure)
Press: ? - help, Shift-Dir - straight line, f/p - ogre
Aim: an ogre, wielding a +0 giant club (chance to affect: 83%)
The ogre writhes in agony.
The ogre closely misses you.
Casting: Pain (safe; 1% risk of failure)
Confirm with . or Enter, or press ? or * to list all spells.
Aiming: Pain (safe; 1% risk of failure)
Press: ? - help, Shift-Dir - straight line, f/p - ogre
Aim: an ogre, wielding a +0 giant club (lightly wounded, chance to affect: 83%)
The ogre writhes in agony.
The ogre hits you with a +0 giant club!
Casting: Pain (safe; 1% risk of failure)
Confirm with . or Enter, or press ? or * to list all spells.
Aiming: Pain (safe; 1% risk of failure)
Press: ? - help, Shift-Dir - straight line, f/p - ogre
Aim: an ogre, wielding a +0 giant club (lightly wounded, chance to affect: 83%)
The ogre writhes in agony.
Aiming: Corrosive Bolt
Press: ? - help, Q - select action, (/) - cycle Shift-Dir - straight line, f/p - ogre
Aim: an ogre, wielding a +0 giant club (moderately wounded, 86% to hit)
The bolt of acid hits the ogre.
The acid corrodes the ogre!
The ogre is heavily wounded.
The bolt of acid hits the jackal!
You kill the jackal!
The bolt of acid hits the jackal!
The acid corrodes the jackal!
You kill the jackal!
The ogre closely misses you.
Aiming: Corrosive Bolt
Press: ? - help, Q - select action, (/) - cycle Shift-Dir - straight line, f/p - ogre
Aim: an ogre, wielding a +0 giant club (heavily wounded, covered in acid, 86% to hit)
The bolt of acid hits the ogre!
The ogre seems to be corroded for longer.
The ogre is almost dead.
The ogre hits you with a +0 giant club!
You die...

...######.............#
#.....
........+.............#
#...≈.
...######.............#
#..≈§§
......................#
###.§.§
...............(......#
#...§§.
###.......#######[....#
#...≈.. ..........#
#.....# #......
..........#
#####.....#####......
.......####
#†.O@.....##.........
......##
#.##########.........
####### #.# #.........
..##hhh.# #:........
...##...# #.........
.._?#...# ##########
...##.[## # ..##... #
#...).# #


You could see an ogre (corroded).

Vanquished Creatures
  A scorpion (D:4)
  3 jellies
  Crazy Yiuf (D:2)
  Robin (D:3)
  8 adders
  An adder skeleton (D:4)
  3 worms
  6 dart slugs
  An orc (D:3)
  8 endoplasms
  4 giant cockroaches
  12 goblins
  6 hobgoblins
  6 jackals
  2 quokkas (D:1)
  2 ball pythons
  3 bats
  4 frilled lizards
  7 kobolds
  8 rats
87 creatures vanquished.

Notes
Turn   | Place    | Note
-------+----------+-------------------------------------------
     0 | D:1      | MiltankisOP the Mummy Necromancer began the quest for the
                  | Orb.
     0 | D:1      | Reached XP level 1. HP: 13/13 MP: 4/4
   330 | D:1      | Reached XP level 2. HP: 19/19 MP: 1/5
  1166 | D:1      | Reached skill level 5 in Necromancy
  1229 | D:1      | Reached XP level 3. HP: 24/24 MP: 2/7
  1592 | D:2      | Found a runed translucent door.
  1593 | D:2      | Noticed Crazy Yiuf
  1827 | D:2      | Reached XP level 4. HP: 30/30 MP: 3/8
  1836 | D:2      | Reached skill level 6 in Necromancy
  2177 | D:3      | Found a faded altar of an unknown god.
  2177 | D:3      | Found Qizinum's Antique Weapon Shoppe.
  2523 | D:3      | Learned a level 1 spell: Animate Skeleton
  2527 | D:3      | Learned a level 3 spell: Vampiric Draining
  2580 | D:3      | Noticed Robin
  2589 | D:3      | Killed Robin
  2590 | D:3      | Reached XP level 5. HP: 26/35 MP: 0/9
  3118 | D:3      | Found an ornate altar of the Wu Jian Council.
  3752 | D:2      | Killed Crazy Yiuf
  3753 | D:2      | Reached skill level 7 in Necromancy
  3992 | D:4      | Found a stormy altar of Qazlal.
  4000 | D:4      | Reached XP level 6. HP: 34/41 MP: 3/10
  4090 | D:4      | Found a snail-covered altar of Cheibriados.
  4387 | D:4      | Found a basalt altar of Yredelemnul.
  4565 | D:4      | Found a shadowy altar of Dithmenos.
  4816 | D:4      | Slain by an ogre

Illustrated notes

Levels and vault maps discovered:
D:1:      nicolae_arrival_somewhat_less_tricky_arrival, layout_loops_ring
D:2:      layout_rooms, uniq_crazy_yiuf_cottage
D:3:      layout_rooms, mainiacjoe_overflow_brackets,
          shapermc_ecumenical_altar_venn, serial_shops,
          nicolae_shop_statue_plus, minmay_misc_feat_rugged, minmay_distorted,
          uniq_robin
D:4:      layout_basic, kennysheep_little_box, slow_altar_1,
          nicolae_dithmenos_through_a_glass_darkly,
          nicolae_qazlal_scattered_showers

Skill      XL: |  1  2  3  4  5 |
---------------+----------------+-----
Necromancy     | 5 6 7 |  7.8
Dodging        | |  1.5
Stealth        | |  1.5
Spellcasting   | |  2.6

Action                   |  1- 3 |  4- 6 || total
-------------------------+-------+-------++-------
Melee: Unarmed           |     9 |    39 ||    48
       Punch             |       |     1 ||     1
 Cast: Pain              |    74 |   132 ||   206
Evoke: Wand              |       |     2 ||     2
Armor: Robe              |     2 |    27 ||    29
Dodge: Dodged            |     4 |    46 ||    50
